[ AOE2 MATCH · #488484650 ]
UnrankedCumans vs Berbers
Player's team · WIN
Rival team · LOSS
[ REPLAY ANALYSIS · EXTRACTED FROM THE RECORDED GAME ]
Feudal
8:51
Castle
—
Imperial
—
| APM avg | 80.1 |
| APM peak | 128 |
| eAPM avg | 43.6 |
| Villagers / military | 48 / 32 |
Focus
⚔️ 71.6% · 🌾 28.4%
Archer ×17 · Scout Cavalry ×10 · Spearman ×5
Feudal
—
Castle
—
Imperial
—
| APM avg | 76.8 |
| APM peak | 120 |
| eAPM avg | 30.2 |
| Villagers / military | 50 / 23 |
Focus
⚔️ 54.6% · 🌾 45.4%
Scout Cavalry ×14 · Skirmisher ×7 · Spearman ×2
Match map
Initial resources + every placement click. Lines = walls · curves = elevation contours. ◆ gold · ⬟ stone · ● berries · ✦ relic · ◌ wall gap
Your base· ✓ Closed at 21:34 · 33t walls · no gate
Fabrizio 094455's base· Open — unwalled flank
Smoothed initial terrain · ◌ = detected wall gap · hover for details
Inputs per minute
— Resilience - - Fabrizio 094455
Build order — Resilience
140 actions detected in the replay
| 0:01 | Create | Villager (Male) ×4 |
| 0:02 | Build | House |
| 0:03 | Build | House |
| 1:29 | Create | Villager (Male) |
| 1:58 | Create | Villager (Male) |
| 1:58 | Create | Villager (Male) |
| 2:02 | Build | Lumber Camp |
| 2:15 | Create | Villager (Male) |
| 2:16 | Create | Villager (Male) |
| 2:47 | Create | Villager (Male) |
| 3:05 | Create | Villager (Male) |
| 3:05 | Create | Villager (Male) |
| 3:24 | Build | House |
| 3:27 | Build | House |
| 3:32 | Create | Villager (Male) |
| 4:02 | Create | Villager (Male) |
| 4:02 | Create | Villager (Male) |
| 4:21 | Create | Villager (Male) |
| 4:21 | Create | Villager (Male) |
| 4:27 | Build | Mill |
| 4:37 | Create | Villager (Male) |
| 5:37 | Build | House |
| 5:46 | Create | Villager (Male) |
| 6:08 | Research | Loom |
| 6:36 | Research | Feudal Age |
| 6:36 | Research | Feudal Age |
| 7:55 | Build | Barracks |
| 8:29 | Create | Villager (Male) |
| 8:51 | Age | Feudal Age |
| 8:53 | Build | Stable |
| 8:57 | Research | Double-Bit Axe |
| 8:57 | Research | Double-Bit Axe |
| 8:59 | Create | Villager (Male) |
| 9:12 | Build | Farm |
| 9:32 | Build | Farm |
| 9:34 | Create | Villager (Male) |
| 9:35 | Create | Scout Cavalry |
| 9:39 | Build | House |
| 9:43 | Build | Farm |
| 9:54 | Create | Scout Cavalry |
| 9:58 | Create | Villager (Male) |
| 10:05 | Create | Spearman |
| 10:15 | Build | House |
| 10:19 | Create | Scout Cavalry |
| 10:23 | Build | Farm |
| 10:33 | Create | Villager (Male) |
| 10:36 | Build | Farm |
| 10:44 | Build | House |
| 10:53 | Create | Spearman |
| 11:01 | Create | Spearman |
| 11:07 | Create | Villager (Male) |
| 11:19 | Build | Mill |
| 11:27 | Create | Villager (Male) |
| 11:29 | Build | Farm |
| 11:43 | Create | Spearman |
| 11:51 | Create | Villager (Male) |
| 11:59 | Create | Spearman |
| 12:05 | Build | Archery Range |
| 12:07 | Create | Villager (Male) |
| 12:27 | Create | Villager (Male) |
| 12:35 | Build | Mining Camp |
| 12:37 | Create | Villager (Male) |
| 13:03 | Build | Archery Range |
| 13:08 | Create | Villager (Male) |
| 13:17 | Create | Villager (Male) |
| 13:24 | Create | Archer |
| 13:24 | Create | Archer |
| 13:39 | Build | House |
| 13:47 | Create | Villager (Male) |
| 13:52 | Create | Archer |
| 14:02 | Build | Farm |
| 14:04 | Create | Villager (Male) |
| 14:09 | Build | House |
| 14:35 | Create | Archer |
| 14:38 | Create | Villager (Male) |
| 14:39 | Build | House |
| 14:44 | Create | Villager (Male) |
| 14:47 | Create | Scout Cavalry |
| 14:48 | Create | Scout Cavalry |
| 14:56 | Create | Archer |
| 15:01 | Create | Villager (Male) |
| 15:14 | Build | Blacksmith |
| 15:16 | Create | Villager (Male) |
| 15:27 | Create | Archer |
| 15:29 | Create | Scout Cavalry |
| 15:30 | Create | Villager (Male) |
| 15:43 | Build | House |
| 15:43 | Build | House |
| 15:45 | Build | Palisade Wall |
| 15:46 | Build | Palisade Wall |
| 15:47 | Build | Palisade Wall |
| 15:51 | Create | Archer |
| 15:58 | Research | Fletching |
| 16:03 | Create | Villager (Male) |
| 16:06 | Create | Scout Cavalry |
| 16:10 | Build | Farm |
| 16:15 | Create | Archer |
| 16:16 | Create | Archer |
| 16:29 | Build | Palisade Wall |
| 16:48 | Create | Scout Cavalry |
| 16:53 | Research | Forging |
| 16:55 | Create | Archer |
| 17:09 | Build | Farm |
| 17:17 | Create | Archer |
| 17:17 | Create | Archer |
| 17:24 | Create | Villager (Male) |
| 17:26 | Build | Farm |
| 17:27 | Build | Farm |
| 17:48 | Create | Scout Cavalry |
| 17:48 | Create | Scout Cavalry |
| 17:49 | Create | Archer |
| 17:49 | Create | Archer |
| 17:50 | Create | Archer |
| 17:58 | Build | Farm |
| 17:58 | Build | Farm |
| 18:14 | Create | Villager (Male) |
| 18:15 | Build | Farm |
| 18:16 | Create | Villager (Male) |
| 18:28 | Build | Farm |
| 18:38 | Build | Farm |
| 18:46 | Research | Town Watch |
| 18:49 | Build | Palisade Wall |
| 19:26 | Create | Villager (Male) |
| 19:26 | Create | Villager (Male) |
| 19:26 | Build | Farm |
| 19:27 | Build | Farm |
| 19:29 | Build | Farm |
| 19:29 | Build | Farm |
| 19:37 | Build | Farm |
| 19:39 | Create | Villager (Male) |
| 20:01 | Build | Farm |
| 20:02 | Create | Villager (Male) |
| 20:17 | Build | Farm |
| 20:20 | Build | House |
| 20:28 | Build | Farm |
| 20:53 | Build | Farm |
| 20:54 | Create | Villager (Male) |
| 21:16 | Create | Archer |
| 21:16 | Create | Archer |
| 21:34 | Research | Castle Age |
Build order — Fabrizio 094455
137 actions detected in the replay
| 0:00 | Create | Villager (Male) |
| 0:01 | Create | Villager (Male) |
| 0:01 | Create | Villager (Male) |
| 0:02 | Build | House |
| 0:04 | Build | House |
| 0:05 | Create | Villager (Male) |
| 0:05 | Create | Villager (Male) |
| 1:28 | Create | Villager (Male) |
| 1:29 | Create | Villager (Male) |
| 1:59 | Create | Villager (Male) |
| 2:03 | Build | Lumber Camp |
| 2:13 | Create | Villager (Male) |
| 2:13 | Create | Villager (Male) |
| 2:51 | Create | Villager (Male) |
| 3:03 | Create | Villager (Male) |
| 3:27 | Build | House |
| 3:33 | Create | Villager (Male) |
| 3:53 | Create | Villager (Male) |
| 3:53 | Create | Villager (Male) |
| 4:26 | Build | Mill |
| 4:37 | Create | Villager (Male) |
| 4:38 | Create | Villager (Male) |
| 4:38 | Create | Villager (Male) |
| 5:37 | Research | Loom |
| 6:20 | Research | Feudal Age |
| 7:19 | Build | House |
| 7:44 | Build | Barracks |
| 7:50 | Create | Villager (Male) |
| 8:31 | Build | Palisade Gate |
| 8:42 | Build | Stable |
| 8:51 | Create | Villager (Male) |
| 9:04 | Create | Spearman |
| 9:14 | Create | Villager (Male) |
| 9:21 | Build | Mill |
| 9:27 | Build | Palisade Wall |
| 9:29 | Create | Scout Cavalry |
| 9:34 | Create | Villager (Male) |
| 9:42 | Create | Scout Cavalry |
| 9:48 | Create | Villager (Male) |
| 9:58 | Research | Double-Bit Axe |
| 9:58 | Research | Double-Bit Axe |
| 10:11 | Create | Villager (Male) |
| 10:15 | Build | House |
| 10:21 | Research | Town Watch |
| 10:21 | Research | Town Watch |
| 10:47 | Build | House |
| 10:51 | Build | House |
| 10:52 | Build | Palisade Wall |
| 10:56 | Create | Villager (Male) |
| 10:59 | Build | Farm |
| 11:00 | Build | Farm |
| 11:01 | Build | Farm |
| 11:04 | Create | Scout Cavalry |
| 11:07 | Create | Spearman |
| 11:21 | Build | Farm |
| 11:34 | Build | Palisade Wall |
| 11:41 | Create | Villager (Male) |
| 11:44 | Build | Farm |
| 11:55 | Create | Villager (Male) |
| 11:58 | Create | Scout Cavalry |
| 12:01 | Build | Farm |
| 12:16 | Create | Villager (Male) |
| 12:35 | Build | Blacksmith |
| 12:36 | Build | House |
| 12:39 | Create | Villager (Male) |
| 12:54 | Create | Villager (Male) |
| 13:05 | Build | Farm |
| 13:07 | Build | Farm |
| 13:11 | Build | Farm |
| 13:15 | Create | Villager (Male) |
| 13:30 | Build | Farm |
| 13:41 | Build | House |
| 13:52 | Build | House |
| 13:53 | Build | Palisade Wall |
| 13:55 | Build | House |
| 14:02 | Build | Palisade Wall |
| 14:09 | Build | Farm |
| 14:10 | Create | Villager (Male) |
| 14:11 | Create | Villager (Male) |
| 14:15 | Build | House |
| 14:20 | Build | Palisade Gate |
| 14:23 | Build | House |
| 14:32 | Build | House |
| 14:37 | Build | Palisade Gate |
| 14:42 | Build | Farm |
| 14:47 | Create | Villager (Male) |
| 14:51 | Build | House |
| 15:11 | Create | Villager (Male) |
| 15:16 | Build | Farm |
| 15:17 | Build | Farm |
| 15:25 | Build | House |
| 15:27 | Create | Villager (Male) |
| 15:37 | Build | Farm |
| 15:41 | Create | Villager (Male) |
| 15:54 | Build | Palisade Wall |
| 16:18 | Build | Mining Camp |
| 16:47 | Build | Archery Range |
| 16:49 | Create | Villager (Male) |
| 16:50 | Create | Villager (Male) |
| 16:52 | Create | Villager (Male) |
| 16:55 | Create | Scout Cavalry |
| 17:15 | Research | Scale Barding Armor |
| 17:15 | Research | Scale Barding Armor |
| 17:22 | Build | Watch Tower |
| 17:38 | Create | Villager (Male) |
| 17:38 | Create | Villager (Male) |
| 17:47 | Create | Villager (Male) |
| 17:54 | Create | Scout Cavalry |
| 18:09 | Create | Scout Cavalry |
| 18:12 | Create | Skirmisher |
| 18:26 | Build | Market |
| 18:34 | Create | Skirmisher |
| 18:34 | Create | Skirmisher |
| 18:37 | Create | Villager (Male) |
| 19:04 | Create | Scout Cavalry |
| 19:17 | Create | Scout Cavalry |
| 19:21 | Create | Skirmisher |
| 19:26 | Create | Scout Cavalry |
| 19:27 | Create | Villager (Male) |
| 19:31 | Build | Farm |
| 19:40 | Create | Skirmisher |
| 19:41 | Create | Scout Cavalry |
| 19:52 | Research | Forging |
| 19:53 | Create | Villager (Male) |
| 19:56 | Build | Farm |
| 19:58 | Build | Farm |
| 20:04 | Create | Skirmisher |
| 20:23 | Build | Market |
| 20:33 | Create | Scout Cavalry |
| 20:33 | Create | Villager (Male) |
| 21:02 | Create | Villager (Male) |
| 21:05 | Create | Skirmisher |
| 21:40 | Create | Villager (Male) |
| 21:40 | Create | Villager (Male) |
| 21:43 | Build | House |
| 21:58 | Create | Scout Cavalry |
| 21:58 | Create | Scout Cavalry |
Match timeline
| 7:44 | Fabrizio 094455 · first_building Barracks |
| 7:55 | Resilience · first_building Barracks |
| 8:42 | Fabrizio 094455 · first_building Stable |
| 8:51 | Resilience · age_up feudal |
| 8:53 | Resilience · first_building Stable |
| 9:27 | Fabrizio 094455 · wall_segment Palisade Wall x1 |
| 10:52 | Fabrizio 094455 · wall_segment Palisade Wall x1 |
| 11:34 | Fabrizio 094455 · wall_segment Palisade Wall x8 |
| 12:05 | Resilience · first_building Archery Range |
| 13:53 | Fabrizio 094455 · wall_segment Palisade Wall x1 |
| 14:02 | Fabrizio 094455 · wall_segment Palisade Wall x1 |
| 15:45 | Resilience · wall_segment Palisade Wall x1 |
| 15:46 | Resilience · wall_segment Palisade Wall x1 |
| 15:47 | Resilience · wall_segment Palisade Wall x1 |
| 15:54 | Fabrizio 094455 · wall_segment Palisade Wall x11 |
| 16:29 | Resilience · wall_segment Palisade Wall x30 |
| 16:47 | Fabrizio 094455 · first_building Archery Range |
| 18:49 | Resilience · wall_segment Palisade Wall x3 |
| 22:08 | Fabrizio 094455 · resign |
[ AI ANALYSIS · 1 CREDIT ]
What really happened in this match?
Wolo.gg analyzes every decision: build order, eco, micro, common mistakes by bracket. Personalized analysis on WhatsApp or Discord in 30 seconds.
Civ guide
Cumans
Perfil
Jugador #2347189